 Dungeon Crawl Stone Soup version 0.30.1-3-gfc49f6343a (webtiles) character file.

Game seed: 13784061661083506214

1 CaptainMV the Stinger (level 1, 0/13 HPs)
             Began as a Demonspawn Wanderer on July 25, 2023.
             Slain by a hobgoblin (3 damage)
             ... on level 1 of the Dungeon.
             The game lasted 00:01:53 (108 turns).

CaptainMV the Stinger (Demonspawn Wanderer)          Turns: 108, Time: 00:01:54

Health: 0/13       AC:  5    Str: 11    XL:     1   Next: 16%
Magic:  0/2        EV: 10    Int: 15    God:
Gold:   5          SH:  0    Dex: 11    Spells: 1/2 levels left

rFire   + . .        a - +0 dagger
rCold   x . .        (no shield)
rNeg    . . .        c - +0 ring mail
rPois   .            (no helmet)
rElec   .            (no cloak)
rCorr   .            (no gloves)
SInv    .            (no boots)
Will    .....        (no amulet)
Stlth   +            f - ring of fire
HPRegen 0.22/turn    (no ring)
MPRegen 0.08/turn

%: no passive effects
@: very slightly contaminated
A: no striking features
a: no special abilities


You were on level 1 of the Dungeon.
You visited 1 branch of the dungeon, and saw 1 of its levels.

You collected 5 gold pieces.

Inventory:

Hand Weapons
 a - a +0 dagger (weapon)
 d - a +0 club
Armour
 c - a +0 ring mail (worn)
Jewellery
 f - a ring of fire (left hand)
Potions
 b - a potion of brilliance
 e - a potion of flight {unknown}


   Skills:
 + Level 2.8 Armour
 + Level 1.0 Spellcasting
 + Level 1.7 Fire Magic
 + Level 3.0 Poison Magic
 + Level 1.2 Invocations


You had one spell level left.
You knew the following spells:

 Your Spells              Type           Power      Damage    Failure   Level
a - Foxfire               Conj/Fire      20%        2x1d5     36%         1

Your spell library contained the following spells:

 Spells                   Type           Power      Damage    Failure   Level
 Scorch                   Fire           18%        2d5       38%         2
 Poisonous Vapours        Pois/Air       10%        N/A       41%         2
 Cigotuvi's Dreadful Rot  Necr/Pois/Air  6%         N/A       50%         2
 Volatile Blastmotes      Fire/Tloc      10%        2d10      75%         3


Dungeon Overview and Level Annotations

Branches:
Dungeon (1/15)

Altars:


Message History

You open the door.
There is an open door here.
A hobgoblin comes into view.
The hobgoblin shouts!
Found an escape hatch in the floor.
Casting: Foxfire (safe; 36% risk of failure)
Confirm with . or Enter, or press ? or * to list all spells.
You feel a surge of power!
You miscast Foxfire.
You are very lightly contaminated with residual magic.
Nothing appears to happen.
You completely miss the hobgoblin.
The hobgoblin hits you but does no damage.
You closely miss the hobgoblin. The hobgoblin barely misses you.
You hit the hobgoblin but do no damage. The hobgoblin hits you.
You hit the hobgoblin.
The hobgoblin is heavily wounded.
The hobgoblin misses you.
You hit the hobgoblin but do no damage.
The hobgoblin is heavily wounded.
The hobgoblin barely misses you.
You barely miss the hobgoblin.
The hobgoblin is heavily wounded.
The hobgoblin hits you.
Your magical contamination has completely faded away.
You closely miss the hobgoblin.
The hobgoblin is heavily wounded.
The hobgoblin hits you.
* * * LOW HITPOINT WARNING * * *
Casting: Foxfire (safe; 36% risk of failure)
Confirm with . or Enter, or press ? or * to list all spells.
You feel a surge of power!
You miscast Foxfire.
You are very lightly contaminated with residual magic.
Nothing appears to happen.
The hobgoblin closely misses you.
You barely miss the hobgoblin.
The hobgoblin is heavily wounded.
The hobgoblin hits you but does no damage.
You hit the hobgoblin.
The hobgoblin is severely wounded.
The hobgoblin hits you.
You die...

##+#........
...........####
..............>
...............
.............
........... .........#
......g@.#
.........#####
.............# #......
.............## #......
##+####.......####......
####.......'..+......
#..........####......
#..........# #......
#..........# #......


You could see a hobgoblin.

Vanquished Creatures
  An endoplasm (D:1)
1 creature vanquished.

Vanquished Creatures (others)
  2 foxfires (D:1)
2 creatures vanquished.

Grand Total: 3 creatures vanquished

Notes
Turn   | Place    | Note
-------+----------+-------------------------------------------
     0 | D:1      | CaptainMV the Demonspawn Wanderer began the quest for the
                  | Orb.
     0 | D:1      | CaptainMV set off with the following items: a +0 club, a
                  | potion of brilliance, a +0 ring mail; and the following
                  | spell memorised: Foxfire; and the following spells
                  | available to memorise: Scorch, Poisonous Vapours,
                  | Cigotuvi's Dreadful Rot, Volatile Blastmotes.
     0 | D:1      | Reached XP level 1. HP: 13/13 MP: 2/2
   108 | D:1      | Slain by a hobgoblin

Illustrated notes

Levels and vault maps discovered:
D:1:      giann_wishing_wells, layout_basic

Action                     || total
---------------------------++-------
  Melee: Dagger            ||    10
   Cast: Foxfire           ||     1
 Armour: Ring mail         ||     2
  Dodge: Dodged            ||     4
